 Dungeon Crawl Stone Soup version 0.20.1-1-g8b1a95d (webtiles) character file.

578 Peloso the Shield-Bearer (level 7, 26/60 HPs)
             Began as a Purple Draconian Fighter on Aug 22, 2017.
             Quit the game on level 4 of the Dungeon.
             The game lasted 00:08:26 (3401 turns).

Peloso the Shield-Bearer (Purple Draconian Fighter) Turns: 3401, Time: 00:08:26

Health: 26/60      AC:  8    Str: 21    XL:     7   Next: 13%
Magic:  7/7        EV: 11    Int:  8    God:
Gold:   189        SH:  9    Dex: 10    Spells: 6/6 levels left

rFire    . . .     SeeInvis .   a - +0 long sword
rCold    . . .     Gourm    .   b - +0 shield
rNeg     . . .     Faith    .   (armour unavailable)
rPois    .         Spirit   .   (helmet restricted)
rElec    .         Reflect  .   (no cloak)
rCorr    .         Harm     .   (no gloves)
MR       +....                  o - +1 pair of boots
Stlth    ++........             (no amulet)
Regen    0.2/turn               (no ring)
MPRegen  0.1/turn               (no ring)

@: no status effects
A: breathe power, unfitting armour, cold-blooded, AC +6
a: Breathe Dispelling Energy


You were on level 4 of the Dungeon.
You were not hungry.

You visited 1 branch of the dungeon, and saw 4 of its levels.

You collected 189 gold pieces.

Inventory:

Hand Weapons
 a - a +0 long sword (weapon)
Armour
 b - a +0 shield (worn)
 o - a +1 pair of boots (worn)
Wands
 p - a wand of confusion (24/48)
Scrolls
 h - 2 scrolls of recharging
 n - 4 scrolls of remove curse
Potions
 c - a potion of haste
 e - 3 potions of curing
 f - a potion of resistance {unknown}
 m - 2 potions of brilliance
 q - a potion of flight {unknown}
Comestibles
 d - 2 bread rations
 i - 2 royal jellies
 j - 3 meat rations
 l - 4 fruits


   Skills:
 + Level 4.6 Fighting
 + Level 4.2 Long Blades
 + Level 4.6 Dodging
 + Level 1.6 Stealth
 + Level 4.7 Shields


You had 6 spell levels left.
You didn't know any spells.

Dungeon Overview and Level Annotations

Branches:
Dungeon (4/15)
 Temple: D:4-7

Altars:
Ashenzari
Dithmenos
Makhleb

Annotations:
D:2 1 runed door


Innate Abilities, Weirdness & Mutations

You can breathe bolts of dispelling energy.
Your rich purple scales are hard. (AC +6)
You cannot fit into any form of body armour.
You are cold-blooded and may be slowed by cold attacks.


Message History

You hit Blork the orc.
Blork the orc is heavily wounded.
You block Blork the orc's attack. x2
Unknown command.
You slash Blork the orc!
Blork the orc is almost dead.
You block Blork the orc's attack.
Unknown command.
You slash Blork the orc!
You kill Blork the orc!
You have reached level 7!
Your scales start taking on a rich purple colour.
You learn Spellcasting much quicker.
You learn Hexes much quicker.
You learn Charms much quicker.
You learn Evocations quicker.
You can breathe bolts of dispelling energy.
Things that are here:
a dire flail; a robe; the orc corpse of Blork the orc
Things that are here:
a dire flail; a robe; the orc corpse of Blork the orc Are you sure you want to abandon this character and quit the game? (Confirm with "yes".)

#......#.# #.....#
####'#+#.# #.....#.
#.....# #.......
#.....# #....!..
#.....#######.....Z?
#...[...).....#
#.#'#########.#
#.#......o. #.#
#.####.#.## #@# #. #
#.# #. #.# #.# #.#
#.# #.. ###


There were no monsters in sight!

Vanquished Creatures
  Grinder (D:3)
  Blork the orc (D:4)
  A howler monkey (D:2)
  2 orc priests (D:2)
  A hound (D:2)
  Jessica (D:2)
  Ijyb (D:3)
  6 adders
  An ooze (D:1)
  An adder skeleton (D:4)
  2 dart slugs
  2 worms
  A leopard gecko (D:3)
  7 orcs
  3 giant cockroaches
  4 goblins
  9 hobgoblins
  11 jackals
  A quokka (D:2)
  2 ball pythons
  6 bats
  6 frilled lizards
  11 kobolds
  10 rats
91 creatures vanquished.

Notes
Turn   | Place    | Note
-------+----------+-------------------------------------------
     0 | D:1      | Peloso the Draconian Fighter began the quest for the Orb.
     0 | D:1      | Reached XP level 1. HP: 19/19 MP: 1/1
    91 | D:1      | Found a shattered altar of Ashenzari.
   179 | D:1      | Reached XP level 2. HP: 24/26 MP: 2/2
   458 | D:1      | Reached XP level 3. HP: 22/31 MP: 3/3
  1013 | D:2      | Reached XP level 4. HP: 40/40 MP: 4/4
  1447 | D:2      | Reached XP level 5. HP: 38/46 MP: 5/5
  1719 | D:2      | Found a runed door.
  1801 | D:2      | Reached skill level 1 in Stealth
  2006 | D:3      | Found a burning altar of Makhleb.
  2099 | D:3      | Noticed Grinder
  2102 | D:3      | Noticed Ijyb
  2108 | D:3      | Paralysed by Grinder for 5 turns
  2117 | D:3      | Paralysed by Grinder for 2 turns
  2120 | D:3      | Killed Grinder
  2120 | D:3      | Reached XP level 6. HP: 22/53 MP: 6/6
  2127 | D:3      | Killed Ijyb
  2518 | D:3      | Noticed Jessica
  2540 | D:2      | Killed Jessica
  3118 | D:3      | Found a shadowy altar of Dithmenos.
  3377 | D:4      | Noticed Blork the orc
  3397 | D:4      | Killed Blork the orc
  3397 | D:4      | Your scales start taking on a rich purple colour.
  3397 | D:4      | Reached XP level 7. HP: 25/60 MP: 7/7
  3401 | D:4      | Quit the game

Skill      XL: |  1  2  3  4  5  6 |
---------------+-------------------+-----
Dodging        | 3 4 |  4.6
Long Blades    | 3 4 |  4.2
Fighting       | 4 |  4.6
Stealth        | 1 |  1.6
Shields        | 4 |  4.7

Action                   |  1- 3 |  4- 6 |  7- 9 || total
-------------------------+-------+-------+-------++-------
Melee: Long sword        |   104 |   221 |       ||   325
       Tailslap          |    16 |    31 |       ||    47
  Use: Potion            |       |     2 |       ||     2
       Scroll            |       |    10 |       ||    10
 Stab: Sleeping          |     1 |       |       ||     1
  Eat: Chunk             |       |     8 |       ||     8
       Fruit             |       |     1 |       ||     1
Armor: Skin              |    37 |    76 |       ||   113
Dodge: Dodged            |    42 |   123 |       ||   165
Block: Shield            |    50 |   132 |       ||   182
       Rpst.: Long sword |    13 |    48 |       ||    61
